 Dungeon Crawl Stone Soup version 0.27-a0-1191-g601b473118 (console) character file.

Game seed: 914253864911720558

577 jejorda2 the Spear-Bearer (level 7, -9/55 HPs)
             Began as a Merfolk Berserker on May 24, 2021.
             Was a Believer of Trog.
             Mangled by a hornet (10 damage)
             ... on level 4 of the Dungeon.
             The game lasted 00:07:11 (3665 turns).

jejorda2 the Spear-Bearer (Merfolk Berserker)       Turns: 3665, Time: 00:07:11

Health: -9/55      AC:  5    Str: 19    XL:     7   Next: 35%
Magic:  7/7        EV: 12    Int:  6    God:    Trog [**....]
Gold:   186        SH:  0    Dex: 17    Spells: 6/6 levels left

rFire    . . .     SeeInvis .   a - +0 spear
rCold    . . .     Faith    .   (no shield)
rNeg     . . .     Spirit   .   q - +0 ring mail
rPois    .         Reflect  .   w - +0 hat of Urhery {Will+ Dex+3}
rElec    .         Harm     .   (no cloak)
rCorr    .         Rampage  .   (no gloves)
Will     +....                  (no boots)
Stlth    +.........             (no amulet)
HPRegen  0.18/turn              (no ring)
MPRegen  0.10/turn              (no ring)

@: lethally poisoned (-9 -> -15), on berserk cooldown, slowed, invisible, very
slow
A: (nimble swimmer 2), mertail
a: Renounce Religion, Berserk, Trog's Hand


You were on level 4 of the Dungeon.
You worshipped Trog.
Trog was pleased with you.
You visited 1 branch of the dungeon, and saw 4 of its levels.

You collected 186 gold pieces.

Inventory:

Hand Weapons
 a - a +0 spear (weapon)
Missiles
 c - 38 poisoned darts
 g - 11 atropa-tipped darts
 l - 15 javelins
 n - 10 curare-tipped darts (quivered)
Armour
 i - a +0 helmet
 q - a +0 ring mail (worn)
 w - the +0 hat of Urhery (worn) {Will+ Dex+3}
   (You found it on level 4 of the Dungeon)

   It affects your dexterity (+3).
   It increases your willpower.
Wands
 v - a wand of digging (4)
Scrolls
 d - 2 scrolls of identify {unknown}
 h - a scroll of vulnerability {unknown}
 o - a scroll of noise {unknown}
 r - 2 scrolls of teleportation {unknown}
 s - a scroll of fog {unknown}
 u - a scroll of amnesia {unknown}
Potions
 b - a potion of might {unknown}
 e - a potion of invisibility
 f - 2 potions of degeneration {unknown}
 j - a potion of haste {unknown}
 k - 2 potions of flight {unknown}
 m - 2 potions of magic {unknown}
 p - a potion of brilliance {unknown}
 t - a potion of resistance {unknown}


   Skills:
 + Level 4.8 Fighting
 * Level 8.1 Polearms
 + Level 2.3 Throwing
 * Level 3.4 Armour
 - Level 2.6 Dodging


You had 6 spell levels left.
You didn't know any spells.
Your spell library was empty.

Dungeon Overview and Level Annotations

Branches:
Dungeon (4/15)
 Temple: D:4-7

Altars:
Dithmenos
Uskayaw
Vehumet


Innate Abilities, Weirdness & Mutations

((You are quick and stealthy near water. (Stealth+, EV+, Speed+++)))
Your lower body shifts to a powerful aquatic tail in water.


Message History

The hornet stings you!
You feel yourself slow down.
You completely miss the hornet.
The hornet is heavily wounded.
You are no longer berserk.
You are exhausted.
You feel as though you will be slow longer.
The hornet stings you!
You feel as though you will be slow longer.
Unknown command.
Unknown command.
You barely miss the hornet.
The hornet is heavily wounded.
The hornet barely misses you.
You hit the hornet.
The hornet is heavily wounded.
The hornet stings you but does no damage. x2
You hit the hornet but do no damage.
The hornet is heavily wounded.
The hornet stings you!
* * * LOW HITPOINT WARNING * * *
You feel as though you will be slow longer.
You miss the hornet.
The hornet is heavily wounded.
The hornet stings you!
* * * LOW HITPOINT WARNING * * *
You feel as though you will be slow longer.
The hornet closely misses you.
You closely miss the hornet.
The hornet is heavily wounded.
The hornet stings you.
* * * LOW HITPOINT WARNING * * *
You are lethally poisoned!
You feel as though you will be slow longer.
The hornet closely misses you.
It was a potion of invisibility.
You fade into invisibility!
* * * LOW HITPOINT WARNING * * *
You feel very sick. The hornet stings you!
You die...

####.## . ....... # #
######.# .# .## ..# .# ##.
..# .. #.# #.... #.# .#
##.. #..#!. #.## ....###..
#.O... #..#####
#.....##....# .†))...#
##@#......
##.###....#####.y#.#.#.#..
#..## #.......#g......#
##..# ######.......g...#
##.# #......#....#.....
#.## #.....###....#....
#..###.....# #.........
##...#....## #.........
###......# #.....#.##


You could see a hornet and a hobgoblin.

Vanquished Creatures
  A sky beast (D:3)
  A black bear (D:4)
  An ogre (D:4)
  A water moccasin skeleton (D:4)
  3 hounds
  2 iguanas (D:4)
  A hound skeleton (D:4)
  5 adders
  A worm (D:3)
  2 dart slugs
  8 orcs
  4 ball pythons
  3 bats (D:2)
  9 endoplasms
  2 giant cockroaches
  4 goblins
  4 hobgoblins
  A quokka (D:1)
  4 frilled lizards
  7 kobolds
  7 rats
71 creatures vanquished.

Vanquished Creatures (others)
  An orc (D:3)
1 creature vanquished.

Grand Total: 72 creatures vanquished

Notes
Turn   | Place    | Note
-------+----------+-------------------------------------------
     0 | D:1      | jejorda2 the Merfolk Berserker began the quest for the Orb.
     0 | D:1      | Reached XP level 1. HP: 18/18 MP: 1/1
   136 | D:1      | Found a faded altar of an unknown god.
   221 | D:1      | Reached XP level 2. HP: 13/24 MP: 2/2
   582 | D:1      | Reached skill level 5 in Polearms
   861 | D:2      | Reached XP level 3. HP: 16/29 MP: 3/3
  1180 | D:2      | Found a shadowy altar of Dithmenos.
  1847 | D:2      | Reached ** piety under Trog
  1897 | D:2      | Reached XP level 4. HP: 37/37 MP: 4/4
  2218 | D:3      | Reached skill level 6 in Polearms
  2624 | D:3      | Found a radiant altar of Vehumet.
  3062 | D:3      | Found a hide-covered altar of Uskayaw.
  3098 | D:3      | Noticed a sky beast
  3105 | D:3      | Killed a sky beast
  3106 | D:3      | Reached skill level 1 in Throwing
  3106 | D:3      | Reached XP level 5. HP: 42/42 MP: 5/5
  3376 | D:4      | Reached skill level 7 in Polearms
  3376 | D:4      | Reached XP level 6. HP: 48/49 MP: 6/6
  3450 | D:4      | Noticed a black bear
  3455 | D:4      | Killed a black bear
  3456 | D:4      | Reached XP level 7. HP: 53/55 MP: 7/7
  3511 | D:4      | Identified the +0 hat of Urhery {Will+ Dex+3}
  3632 | D:4      | Noticed a hornet
  3652 | D:4      | Reached skill level 8 in Polearms
  3665 | D:4      | HP: 1/55 [poisoned by a hornet]
  3665 | D:4      | Mangled by a hornet

Illustrated notes

Levels and vault maps discovered:
D:1:      lemuel_arrival_behind_the_door_small, layout_loops_ring,
          ebering_ecumenical_altar_hall
D:2:      minmay_inner_zag, layout_basic, basic_altar, minmay_hexomino_c4
D:3:      layout_basic, fiery_altar_vehumet, old_standard_altar
D:4:      layout_rooms, minmay_temple_entry_statues_pillars,
          amcnicky_mini_pool_small, hangedman_decor_opposing, minmay_bent

Skill      XL: |  1  2  3  4  5  6  7 |
---------------+----------------------+-----
Polearms       | 5 6 7 8 |  8.1
Armour         | 2 3 |  3.4
Fighting       | 4 |  4.8
Throwing       | 1 2 |  2.3
Dodging        | |  2.6

Action                   |  1- 3 |  4- 6 |  7- 9 || total
-------------------------+-------+-------+-------++-------
Melee: Spear             |    95 |   120 |    52 ||   267
       Tailslap          |       |     1 |       ||     1
Throw: Dart              |     5 |     4 |       ||     9
Invok: Berserk           |     1 |     2 |     1 ||     4
       Trog's Hand       |       |     1 |       ||     1
  Use: Potion            |       |       |     1 ||     1
 Stab: Distracted        |     1 |     1 |       ||     2
       Sleeping          |     1 |       |       ||     1
Armor: Animal skin       |     9 |       |       ||     9
       Leather armour    |    13 |       |       ||    13
       Ring mail         |       |    28 |    11 ||    39
Dodge: Dodged            |    28 |    35 |    23 ||    86

Table legend: (Time is in decaauts)
 A = Elapsed time spent in this place.
 B = Non-inter-level travel time spent in this place.
 C = Inter-level travel time spent in this place.
 D = Time resting spent in this place.
 E = Time spent auto-exploring this place.
 F = Levels seen in this place.
 G = Mean time per level.
                   A        B        C        D        E       F      G
               +--------+--------+--------+--------+--------+-----+--------+
         Total |   3634 |   3594 |     40 |    272 |   2799 |   4 |  908.5 |
       Dungeon |   3634 |   3594 |     40 |    272 |   2799 |   4 |  908.5 |
               +--------+--------+--------+--------+--------+-----+--------+

Top non-repeatable levels by time:
     D:2: 1374 daAuts
     D:3: 1178 daAuts
     D:1: 799 daAuts
     D:4: 282 daAuts
